 Dungeon Crawl Stone Soup version 0.17.0-26-gececa24 (console) character file.

45494 Kloppie the Quickloader (level 14, -7/121 HPs)
             Began as a Centaur Fighter on Nov 19, 2015.
             Was the Champion of Okawaru.
             Mangled by Rupert
             ... wielding a +4 great mace of holy wrath
              (23 damage)
             ... on level 12 of the Dungeon.
             The game lasted 00:52:17 (25645 turns).

Kloppie the Quickloader (Centaur Fighter)          Turns: 25645, Time: 00:52:18

Health: -7/121     AC: 30    Str: 20    XL:     14   Next: 1%
Magic:  18/18      EV:  7    Int:  7    God:    Okawaru [******]
Gold:   1380       SH:  0    Dex: 13    Spells: 0 memorised, 13 levels left

rFire  . . .     SeeInvis .     a - +2 demon trident (venom)
rCold  . . .     Clarity  .     X - +2 plate armour {rPois}
rNeg   . . .     SustAt   .     (no shield)
rPois  +         Gourm    .     y - +0 helmet
rElec  .         Spirit   .     (no cloak)
rCorr  .         Warding  .     r - +2 pair of gloves
rMut   .         Stasis   .     R - +1 centaur barding {Stlth+}
MR     +....                    (no amulet)
Stlth  ..........               d - +5 ring of evasion
                                l - +4 ring of protection

@: confused, very slightly contaminated, heavily drained, very quick, somewhat
resistant to hostile enchantments, extremely unstealthy
A: hooves 3, camouflage 1, deformed body, speed 2, shaggy fur 1, tough skin 3
a: Heroism, Finesse, Renounce Religion


You were on level 12 of the Dungeon.
You worshipped Okawaru.
Okawaru was exalted by your worship.
You were not hungry.

You visited 4 branches of the dungeon, and saw 21 of its levels.
You also visited: Sewer.

You collected 1380 gold pieces.

Inventory:

Hand Weapons
 a - a +2 demon trident of venom (weapon)
 b - a +0 arbalest
Missiles
 i - 140 bolts
 D - 49 poisoned bolts
 F - 56 bolts of frost
 S - 14 bolts of penetration
 Z - 9 silver bolts
Armour
 r - a +2 pair of gloves (worn)
 y - a +0 helmet (worn)
 R - a +1 centaur barding of stealth (worn)
 X - a +2 plate armour of poison resistance (worn)
Rods
 z - a +1 rod of destruction (11/11)
   (You found it on level 10 of the Dungeon)
Jewellery
 d - a +5 ring of evasion (right hand)
 l - a +4 ring of protection (left hand)
 m - an uncursed ring of protection from cold
 v - an uncursed ring of protection from fire
 B - an uncursed ring of protection from fire
 M - an uncursed ring of teleportation
 P - an uncursed ring of invisibility
Wands
 x - a wand of draining (3)
 K - a wand of hasting (4)
Scrolls
 o - 5 scrolls of identify
 p - 3 scrolls of remove curse
 q - a scroll of fog
 u - 4 scrolls of enchant armour
 A - 3 scrolls of recharging
 G - 6 scrolls of teleportation
 H - 3 scrolls of magic mapping
 O - a scroll of enchant weapon
 T - a scroll of fear
Potions
 f - 5 potions of curing
 g - 2 potions of brilliance
 n - 9 potions of flight
 s - a potion of agility
 t - a potion of lignification
 w - a potion of might
 E - a potion of magic
 L - a potion of resistance
Books
 e - a book of Changes

   Spells                             Type                      Level
   a - Beastly Appendage              Transmutation                1
   b - Sticks to Snakes               Transmutation                2
   c - Spider Form                    Transmutation/Poison         3
   d - Ice Form                       Ice/Transmutation            4
   e - Blade Hands                    Transmutation                5
Comestibles
 h - 9 meat rations
 j - 11 bread rations
 k - 18 fruits


   Skills:
 - Level 10.0(8.1) Fighting
 - Level 11.3(9.3) Polearms
 + Level 13.2(11.1) Crossbows
 - Level 10.9(8.9) Armour
   Level 2.1(0.6) Shields
 + Level 5.7(4.0) Invocations


You had 13 spell levels left.
You didn't know any spells.

Dungeon Overview and Level Annotations

Branches:
Dungeon (12/15)            Temple (1/1) D:7            Lair (7/8) D:8
 Shoals (0/4) Lair:3       Spider (0/4) Lair:6          Orc (1/4) D:11
  Slime: Lair:6-8

Altars:
Ashenzari
Gozag
Kikubaaqudgha
Makhleb
Nemelex Xobeh
Okawaru
Qazlal
Xom
Yredelemnul
The Shining One
Beogh

Shops:
D:11 ([

Annotations:
D:12 Rupert
Orc:1 Gastronok, Nergalle


Innate Abilities, Weirdness & Mutations

You have hooves in place of feet.
Armour fits poorly on your strangely shaped body.
You cover ground very quickly.
You have extremely tough skin (AC +3).
Your skin changes colour to match your surroundings (Stealth).
You are covered in fur (AC +1).


Message History

Press: ? - help, Dir - move target cursor, f/p - Rupert
Aim: Rupert, wielding a great mace of holy wrath and wearing a scale mail (moderately wounded, poisoned)
You reach to attack!
You puncture Rupert!
Rupert looks even sicker.
Rupert is heavily wounded.
Rupert yells loudly at you.
You are confused.
You're too confused to move!
You bump into the rock wall.
Rupert roars wildly at you.
You are more confused.
You closely miss the hippogriff. You kick the hippogriff.
The hippogriff is lightly wounded.
Rupert roars madly and goes into a rage!
Rupert goes berserk!
The hippogriff bites you but does no damage.
The hippogriff pecks you but does no damage.
The hippogriff claws you but does no damage.
You're too confused to move!
Rupert hits you with a great mace of holy wrath!!
You die...

#.# #....... ##.##
#.......
#####...########.......
......#.y.......†......
#####...#########......
##.## ######...... #.#
#.....@..... #H#
#%#####....C #@# #.#
#..).. #@# #.# ##(#.#
#y#####%######(#.#
#y..y.y.C....C.#.#
#######.########.# #.#
#.# #.# #.# #.# #.# #.#
...


You could see Rupert (berserk), a hippogriff and 2 vampire mosquitoes.

Vanquished Creatures
  Maud (Lair:5)
  Josephine (Lair:5)
  Fannar (Lair:3)
  7 hydras
  A catoblepas (Lair:6)
  4 hill giants
  2 ugly things (D:11)
  Pikel (D:9)
  A centaur zombie (D:10)
  6 elephants
  A manticore (D:11)
  8 komodo dragons
  A kobold demonologist (Sewer)
  7 spiny frogs
  3 black mambas
  3 fire drakes
  5 two-headed ogres
  5 polar bears
  A troll (D:10)
  13 blink frogs
  2 trapdoor spiders (Lair:6)
  A water elemental (D:11)
  An air elemental (D:11)
  3 wraiths (Lair:5)
  A deep elf mage (D:11)
  A human (D:8)
  A fire elemental (D:11)
  40 yaks
  2 hungry ghosts
  2 basilisks
  14 wolves
  4 hippogriffs
  Menkaure (D:5)
  Edmund (D:6)
  2 vampire mosquitoes (D:12)
  9 water moccasins
  7 porcupines
  4 ice beasts
  A slave (D:9)
  An eye of draining (D:11)
  A black bear (D:9)
  9 orc warriors
  3 necrophages
  5 phantoms
  A wasp (Lair:4)
  9 ogres
  16 giant frogs
  4 centaurs
  3 big kobolds
  15 crocodiles
  An earth elemental (D:11)
  4 scorpions
  11 killer bees
  A vampire bat (Lair:7)
  6 crimson imps
  8 hounds
  2 quasits
  A jelly (D:7)
  2 giant frog skeletons (D:11)
  A centaur skeleton (D:8)
  13 iguanas
  9 orc wizards
  6 worker ants
  19 sheep
  A big kobold zombie (Sewer)
  2 hound zombies
  A hound skeleton (D:5)
  14 adders
  7 gnolls
  39 river rats
  A white imp (D:10)
  4 shadow imps
  3 ufetubi
  4 oozes
  An adder skeleton (D:8)
  5 worms
  8 giant geckos
  57 orcs
  3 giant cockroaches
  6 hobgoblins
  13 jackals
  4 quokkas
  A ball python (D:3)
  18 bats
  A giant gecko skeleton (D:9)
  7 giant newts
  10 goblins
  27 kobolds
  A kobold zombie (Sewer)
  3 rats (D:1)
  A plant (Lair:5)
562 creatures vanquished.

Vanquished Creatures (others)
  An ooze (Sewer)
  A giant cockroach (Sewer)
  2 bushes
  11 fungi
  2 plants
17 creatures vanquished.

Grand Total: 579 creatures vanquished

Notes
Turn   | Place    | Note
--------------------------------------------------------------
     0 | D:1      | Kloppie the Centaur Fighter began the quest for the Orb.
     0 | D:1      | Reached XP level 1. HP: 19/19 MP: 1/1
    77 | D:1      | You fall through a shaft!
   181 | D:1      | Reached XP level 2. HP: 24/26 MP: 2/2
   749 | D:1      | Reached XP level 3. HP: 28/31 MP: 3/3
   817 | D:1      | Found a sparkling altar of Nemelex Xobeh.
  1144 | D:2      | Reached skill level 4 in Fighting
  1369 | D:2      | Found a burning altar of Makhleb.
  1369 | D:2      | Noticed a hound
  1381 | D:2      | Killed a hound
  1381 | D:2      | Reached XP level 4. HP: 25/40 MP: 4/4
  2198 | D:3      | Found a glowing drain.
  2215 | Sewer    | Entered a sewer
  2406 | Sewer    | Reached XP level 5. HP: 36/47 MP: 5/5
  2630 | Sewer    | Found a burning altar of Makhleb.
  2650 | Sewer    | Noticed an apprentice kobold demonologist
  2684 | Sewer    | Killed an apprentice kobold demonologist
  2684 | Sewer    | Reached skill level 5 in Fighting
  2684 | Sewer    | Reached XP level 6. HP: 7/57 MP: 6/6
  2957 | Sewer    | Noticed a big kobold
  3132 | Sewer    | Killed a big kobold
  3132 | Sewer    | Reached skill level 6 in Fighting
  3132 | Sewer    | Reached skill level 5 in Polearms
  3132 | Sewer    | Reached XP level 7. HP: 25/63 MP: 7/7
  3378 | Sewer    | Noticed Grinder
  4849 | D:4      | Reached skill level 7 in Fighting
  4912 | D:4      | Reached XP level 8. HP: 73/73 MP: 8/8
  5204 | D:5      | Entered Level 5 of the Dungeon
  5385 | D:5      | Noticed Menkaure
  5396 | D:5      | Killed Menkaure
  5396 | D:5      | Reached skill level 8 in Fighting
  5539 | D:5      | Found a basalt altar of Yredelemnul.
  6028 | D:6      | Noticed Edmund
  6036 | D:6      | Killed Edmund
  6036 | D:6      | Reached skill level 9 in Fighting
  6036 | D:6      | Reached XP level 9. HP: 77/83 MP: 9/9
  6692 | D:7      | Found a staircase to the Ecumenical Temple.
  6702 | Temple   | Entered the Ecumenical Temple
  6707 | Temple   | Became a worshipper of Warmaster Okawaru
  6746 | D:7      | HP: 4/84 [poisoned by a killer bee]
  6746 | D:7      | HP: 1/84 [killer bee (3)]
  7154 | D:7      | Found a stormy altar of Qazlal.
  7159 | D:7      | Found a glowing golden altar of the Shining One.
  7659 | D:7      | Reached skill level 10 in Fighting
  7993 | D:8      | Reached * piety under Okawaru
  8161 | D:8      | Found a staircase to the Lair.
  8169 | D:8      | Noticed a fire drake
  8399 | D:8      | Reached XP level 10. HP: 53/93 MP: 10/10
  8959 | D:8      | Killed a fire drake
  8959 | D:8      | Reached ** piety under Okawaru
  9056 | Lair:1   | Entered Level 1 of the Lair of Beasts
  9094 | Lair:1   | Reached skill level 10 in Polearms
 10055 | D:8      | Reached skill level 5 in Armour
 10209 | D:8      | Reached *** piety under Okawaru
 10258 | Lair:1   | Gained mutation: You are covered in fur (AC +1). [potion of beneficial mutation]
 11331 | Lair:2   | Reached **** piety under Okawaru
 11331 | Lair:2   | Reached skill level 11 in Polearms
 11735 | Lair:3   | Reached XP level 11. HP: 87/99 MP: 11/11
 12123 | Lair:2   | Noticed an eight-headed hydra
 12211 | Lair:3   | Reached skill level 1 in Crossbows
 12667 | Lair:3   | Gained mutation: Your skin changes colour to match your surroundings (Stealth). [potion of beneficial mutation]
 13065 | Lair:3   | Noticed a black mamba
 13086 | Lair:3   | Killed a black mamba
 13086 | Lair:3   | Reached ***** piety under Okawaru
 13460 | Lair:3   | Received a gift from Okawaru
 13660 | Lair:3   | Found a staircase to the Shoals.
 13683 | Lair:3   | Noticed Fannar
 13707 | Lair:3   | Killed Fannar
 13707 | Lair:3   | Reached skill level 5 in Crossbows
 14812 | Lair:4   | Received a gift from Okawaru
 15087 | Lair:4   | Reached XP level 12. HP: 99/106 MP: 12/12
 15367 | Lair:4   | Noticed a four-headed hydra
 15394 | Lair:4   | Killed a four-headed hydra
 16228 | Lair:5   | Noticed a seven-headed hydra
 16285 | Lair:5   | Killed a seven-headed hydra
 16519 | Lair:5   | Noticed Josephine
 16556 | Lair:5   | Killed Josephine
 16708 | Lair:5   | Noticed Maud
 17497 | Lair:5   | You fall through a shaft!
 17498 | Lair:6   | Noticed a six-headed hydra
 17533 | Lair:6   | Noticed a catoblepas
 17539 | Lair:6   | Noticed a seven-headed hydra
 17965 | Lair:5   | Killed Maud
 18018 | Lair:5   | Received a gift from Okawaru
 18074 | Lair:6   | Killed a catoblepas
 18074 | Lair:6   | Reached skill level 10 in Crossbows
 18385 | Lair:6   | Received a gift from Okawaru
 18452 | Lair:6   | Reached skill level 10 in Armour
 18618 | Lair:6   | Killed a six-headed hydra
 18777 | Lair:6   | Reached XP level 13. HP: 54/113 MP: 13/13
 19146 | Lair:6   | Found a hole to the Spider Nest.
 19185 | Lair:6   | Reached ****** piety under Okawaru
 19185 | Lair:6   | Received a gift from Okawaru
 19743 | Lair:6   | Received a gift from Okawaru
 20184 | Lair:7   | Received a gift from Okawaru
 20233 | Lair:6   | Killed a seven-headed hydra
 21072 | Lair:7   | Reached skill level 12 in Crossbows
 21562 | Lair:7   | Got a scorched glaive {god gift}
 21563 | Lair:7   | Identified the +1 glaive of Uphi Miuf {flame, rPois rN+ Str-5} (Okawaru gifted it to you on level 7 of the Lair of Beasts)
 21911 | D:9      | Reached skill level 1 in Invocations
 22258 | D:9      | Noticed Pikel
 22291 | D:9      | Killed Pikel
 22804 | D:10     | Entered Level 10 of the Dungeon
 23109 | D:10     | Found a roughly hewn altar of Beogh.
 23137 | D:10     | Received a gift from Okawaru
 23732 | D:11     | Received a gift from Okawaru
 23882 | D:11     | Found Iwewkiul's Armour Shoppe.
 23882 | D:11     | Found a staircase to the Orcish Mines.
 23933 | D:11     | Found Seddares's Weapon Shoppe.
 24052 | D:11     | Found a large runed door.
 24052 | D:11     | Found a large runed door.
 24107 | D:11     | Reached skill level 13 in Crossbows
 24107 | D:11     | Reached skill level 5 in Invocations
 24233 | D:11     | Found a shimmering altar of Xom.
 24264 | D:11     | Received a gift from Okawaru
 25060 | Orc:1    | Entered Level 1 of the Orcish Mines
 25062 | Orc:1    | Noticed Gastronok
 25067 | Orc:1    | Noticed Nergalle
 25558 | D:12     | Noticed Rupert
 25562 | D:12     | Reached XP level 14. HP: 68/121 MP: 18/18
 25566 | D:12     | Received a gift from Okawaru
 25645 | D:12     | Mangled by Rupert

Action                   |  1- 3 |  4- 6 |  7- 9 | 10-12 | 13-15 || total
-------------------------+-------+-------+-------+-------+-------++-------
Melee: Trident           |   143 |   227 |    26 |     7 |       ||   403
       Halberd           |       |       |   374 |   739 |       ||  1113
       Demon trident     |       |       |       |    89 |   847 ||   936
 Fire: Arbalest          |       |       |       |    54 |    34 ||    88
Invok: Heroism           |       |       |       |     3 |     1 ||     4
  Use: Potion            |       |     1 |     5 |     3 |     1 ||    10
       Scroll            |       |       |    11 |    16 |     6 ||    33
  Eat: Chunk             |     1 |     3 |    15 |    27 |    10 ||    56
       Beef jerky        |       |       |     1 |       |     1 ||     2
       Bread ration      |       |       |     1 |       |       ||     1
       Fruit             |       |       |       |     2 |       ||     2
       Meat ration       |       |       |       |       |     3 ||     3
       Pizza             |       |       |       |       |     1 ||     1
